 Dungeon Crawl Stone Soup version 0.31.0-11-ge490571c62 (webtiles) character file.

Game seed: 3095723957865202392

12 qw the Shooter (level 2, -1/16 HPs)
             Began as a Deep Elf Hunter on Feb 4, 2024.
             Slain by a jackal (2 damage)
             ... on level 1 of the Dungeon.
             The game lasted 00:00:01 (241 turns).

qw the Shooter (Deep Elf Hunter)                     Turns: 241, Time: 00:00:01

Health: -1/16      AC:  3    Str:  8    XL:     2   Next: 20%
Magic:  4/4        EV: 12    Int: 13    God:
Gold:   27         SH:  0    Dex: 18    Spells: 1/1 levels left

rFire   . . .        a - +0 shortbow
rCold   . . .        (shield currently unavailable)
rNeg    . . .        c - +0 leather armour
rPois   .            (no helmet)
rElec   .            (no cloak)
rCorr   .            (no gloves)
SInv    .            (no boots)
Will    .....        (no amulet)
Stlth   ++           (no ring)
HPRegen 0.22/turn    (no ring)
MPRegen 0.09/turn

%: no passive effects
@: no status effects
A: no striking features
a: no special abilities


You were on level 1 of the Dungeon.
You visited 1 branch of the dungeon, and saw 1 of its levels.

You collected 27 gold pieces.


   Skills:
 - Level 1.5 Fighting
 + Level 6.1 Ranged Weapons
 - Level 2.4 Dodging
 - Level 1.2 Stealth


You had one spell level left.
You didn't know any spells.
Your spell library was empty.

Inventory:

Hand Weapons
 a - a +0 shortbow (weapon)
Armour
 c - a +0 leather armour (worn)
Scrolls
 b - a scroll of butterflies

Dungeon Overview and Level Annotations

Branches:
Dungeon (1/15)

Altars:


Message History

The jackal barely misses you. The jackal closely misses you.
You shoot an arrow. The arrow barely misses the jackal.
The jackal closely misses you. The jackal bites you.
The jackal bites you but does no damage.
You shoot an arrow. The arrow misses the jackal.
The jackal bites you.
The jackal bites you but does no damage.
The jackal barely misses you. The jackal misses you.
You shoot an arrow. The arrow barely misses the jackal.
The jackal barely misses you.
The jackal bites you but does no damage.
The jackal misses you.
You shoot an arrow. The arrow barely misses the jackal.
The jackal barely misses you. The jackal misses you.
The jackal barely misses you.
You shoot an arrow. The arrow closely misses the jackal.
The jackal barely misses you. x2; The jackal bites you.
You shoot an arrow. The arrow closely misses the jackal.
The jackal closely misses you. The jackal barely misses you.
The jackal closely misses you. The jackal bites you.
You shoot an arrow. The arrow completely misses the jackal.
The jackal bites you but does no damage.
The jackal barely misses you. x2
You shoot an arrow. The arrow hits the jackal.
You kill the jackal!
The jackal closely misses you.
You shoot an arrow. The arrow hits the jackal.
The jackal is heavily wounded.
The jackal barely misses you.
The jackal bites you but does no damage.
You shoot an arrow. The arrow barely misses the jackal.
The jackal bites you. The jackal misses you.
You shoot an arrow. The arrow closely misses the jackal.
The jackal closely misses you.
You shoot an arrow. The arrow closely misses the jackal.
The jackal bites you.
The jackal bites you but does no damage.
You shoot an arrow. The arrow closely misses the jackal.
The jackal misses you. The jackal bites you.
You die...

#.##...#.# #......#.#
##+# #####...## #...#
##.## .....# #)#
......######.####
.............)..#######.
......h.................
.....)%@###...#.#######.
......#.........# .....
#####.##### .... #.# #..
#.# #. #.# # #.# #.# #.#


You could see a jackal.

Vanquished Creatures
  A ball python (D:1)
  An endoplasm (D:1)
  A goblin (D:1)
  A hobgoblin (D:1)
  2 jackals (D:1)
  3 kobolds (D:1)
  A rat (D:1)
10 creatures vanquished.

Notes
Turn   | Place    | Note
-------+----------+-------------------------------------------
     0 | D:1      | qw the Deep Elf Hunter began the quest for the Orb.
     0 | D:1      | Reached XP level 1. HP: 12/12 MP: 3/3
     0 | D:1      | 0 ||| qw: Version: 0.3-a-160-g6735b56
     0 | D:1      | 0 ||| qw: Game counter: 4663
     0 | D:1      | 0 ||| qw: Melee chars always use a shield: true
     0 | D:1      | 0 ||| qw: God list: Okawaru
     0 | D:1      | 0 ||| qw: Allow faded altars: false
     0 | D:1      | 0 ||| qw: Do Orc after clearing Dungeon:15 true
     0 | D:1      | 0 ||| qw: Do second Lair branch before Depths: true
     0 | D:1      | 0 ||| qw: Lair rune preference: random
     0 | D:1      | 0 ||| qw: Goals: Normal
     0 | D:1      | 0 ||| PLANNING D:1-11
   136 | D:1      | Found a faded altar of an unknown god.
   219 | D:1      | Reached XP level 2. HP: 16/16 MP: 4/4
   227 | D:1      | Reached skill level 6 in Ranged Weapons
   234 | D:1      | HP: 4/16 [jackal (2)]
   240 | D:1      | HP: 1/16 [jackal (2)]
   241 | D:1      | Slain by a jackal

Levels and vault maps discovered:
D:1:      denvon_arrival_waterhouse, layout_loops_corners,
          shapermc_ecumenical_altar_starsandcircs

Skill      XL: |  1  2 |
---------------+-------+-----
Ranged Weapons | 6 |  6.1
Fighting       | |  1.5
Dodging        | |  2.4
Stealth        | |  1.2

Action                     || total
---------------------------++-------
   Fire: Shortbow          ||    45
 Armour: Leather armour    ||    26
  Dodge: Dodged            ||    33

Table legend:
 A = Non-vault XP
 B = Vault XP
 C = Vault XP percentage of total XP
 D = Non-vault monster count
 E = Vault monster count
 F = Vault count percentage of total count
                 A         B        C        D         E       F
            +---------+---------+-------+---------+---------+-------
      Total |      18 |       0 |   0.0 |      10 |       0 |   0.0
            +---------+---------+-------+---------+---------+-------
        D:1 |      18 |       0 |   0.0 |      10 |       0 |   0.0
            +---------+---------+-------+---------+---------+-------
